 Seeded DCSS version 0.30.0-17-ge0270778cf (webtiles) character file.

Game seed: 12735965570273765983 (custom seed)

1764 Pimp the Skirmisher (level 8, -3/48 HPs)
             Began as a Deep Elf Hunter on May 20, 2023.
             Was a Follower of Sif Muna.
             Slain by a hornet (14 damage)
             ... on level 7 of the Dungeon on May 21, 2023.
             The game lasted 00:12:51 (6338 turns).

Pimp the Skirmisher (Deep Elf Hunter)               Turns: 6338, Time: 00:12:51

Health: -3/48      AC:  7    Str:  9 (10) XL:     8   Next: 79%
Magic:  19/19      EV: 15    Int: 15      God:    Sif Muna [*.....]
Gold:   1459       SH:  0    Dex: 19 (20) Spells: 19/19 levels left

rFire   + . .        d - +12 rapier "Globulus" {flame, rF+ Str+2 Stlth+}
rCold   . . .        (no shield)
rNeg    . . .        c - +0 leather armour
rPois   .            k - +0 helmet
rElec   .            (no cloak)
rCorr   .            j - +1 pair of gloves
SInv    .            o - +0 pair of boots
Will    .....        (no amulet)
Stlth   +++          (no ring)
HPRegen 0.28/turn    (no ring)
MPRegen 0.16/turn

%: no passive effects
@: slowed, very slow
A: no striking features
a: Renounce Religion, Channel Magic


You were on level 7 of the Dungeon.
You worshipped Sif Muna.
Sif Muna was aware of your devotion.
You visited 2 branches of the dungeon, and saw 8 of its levels.

You collected 1459 gold pieces.

Inventory:

Hand Weapons
 a - a +0 shortbow
 d - the +12 rapier "Globulus" (weapon) {flame, rF+ Str+2 Stlth+}
   (You acquired it on level 1 of the Dungeon)

   Str:       It affects your strength (+2).
   rF:        It protects you from fire.
   Stlth:     It makes you more stealthy.
Armour
 c - a +0 leather armour (worn)
 j - a +1 pair of gloves (worn)
 k - a +0 helmet (worn)
 o - a +0 pair of boots (worn)
 r - a +2 scale mail of fire resistance
Magical Staves
 A - a staff of conjuration
Jewellery
 p - a ring of positive energy
Wands
 y - a wand of iceblast (15)
Scrolls
 b - 3 scrolls of immolation
 f - 5 scrolls of identify {unknown}
 i - 2 scrolls of vulnerability {unknown}
 l - 3 scrolls of teleportation {unknown}
 m - 2 scrolls of blinking {unknown}
 n - a scroll of noise {unknown}
 q - a scroll of brand weapon {unknown}
 t - 2 scrolls of enchant armour {unknown}
 u - a scroll of enchant weapon {unknown}
 v - a scroll of fear {unknown}
 x - a scroll of silence {unknown}
 B - a scroll of poison {unknown}
Potions
 e - a potion of degeneration
 g - a potion of haste
 h - a potion of magic {unknown}
 s - a potion of mutation {unknown}
 w - a potion of berserk rage {unknown}
 z - 2 potions of lignification {unknown}
 C - a potion of brilliance {unknown}
 D - a potion of heal wounds {unknown}
 E - a potion of might {unknown}
 F - a potion of curing


   Skills:
 + Level 4.4 Fighting
 + Level 4.7 Short Blades
 + Level 8.4 Ranged Weapons
 + Level 6.3 Dodging
 - Level 2.9 Stealth
 + Level 6.3 Spellcasting


You had 19 spell levels left.
You didn't know any spells.
Your spell library contained the following spells:

 Spells                   Type           Power      Damage    Failure   Level
 Summon Small Mammal      Summ           16%        N/A       21%         1
 Lesser Beckoning         Tloc           8%         N/A       30%         2
 Sublimation of Blood     Necr           4%         N/A       30%         2
 Wereblood                Tmut           4%         N/A       30%         2
 Call Canine Familiar     Summ           4%         N/A       52%         3
 Gell's Gravitas          Tloc           4%         N/A       52%         3
 Summon Guardian Golem    Hex/Summ       4%         N/A       52%         3
 Teleport Other           Tloc           4%         N/A       52%         3
 Summon Hydra             Summ           2%         N/A       100%        7


Dungeon Overview and Level Annotations

Branches:
Dungeon (7/15)             Temple (1/1) D:5

Altars:
Dithmenos
Fedhas
Hepliaklqana
Qazlal
Ru
Sif Muna
Uskayaw
Vehumet
Wu Jian
Xom
Yredelemnul

Annotations:
D:5 2 transporters, Pimp's ghost, novice TeMo


Message History

The hornet buzzes angrily.
The ice beast closely misses you.
The orc shouts!
You puncture the ice beast!
You melt the ice beast.
You kill the ice beast!
Sif Muna accepts your kill. The hornet barely misses you.
You feel your intelligence returning.
You hit the hornet. You burn the hornet.
The hornet is lightly wounded.
The hornet stings you!
You feel yourself slow down.
You puncture the hornet! You burn the hornet.
The hornet is severely wounded.
The hornet stings you.
You feel as though you will be slow longer.
The hornet closely misses you.
You barely miss the hornet.
The hornet is severely wounded.
The hornet stings you but does no damage.
The hornet stings you!
You suddenly lose the ability to move!
The hornet completely misses you. The hornet stings you!
You are poisoned.
You feel as though you will be slow longer.
You can move again.
You hit the hornet but do no damage.
The hornet is severely wounded.
* * * LOW HITPOINT WARNING * * *
You feel very sick. The hornet stings you.
* * * LOW HITPOINT WARNING * * *
You feel as though you will be slow longer.
The orc completely misses you. The hornet closely misses you.
Okay, then.
You feel better. The hornet closely misses you. The orc completely misses you.
The hornet misses you. The orc hits you but does no damage.
The hornet barely misses you. The hornet closely misses you.
The hornet attacks as you move away! The hornet stings you!
You die...

... ..# ### ..# #..
.. ...##.# #.#
#.##..# #.# #.##..#
#.# #.##yo#
#.######..@..#
#.##......####
#.##)###.## #.##.#
#.##.# #.##.#
#.##.####
.#.####.##.#
#.##.##..
...........#
#.##.##.#
##.####.####
#.##.##.#
#.####.######.##.##.#


You could see a hornet and an orc.

Vanquished Creatures
  Eustachio (D:6)
  Edmund (D:6)
  An ice beast (D:7)
  A sky beast (D:7)
  A black bear (D:6)
  A phantom (D:5)
  A bullfrog (D:6)
  5 scorpions
  A howler monkey (D:6)
  A jelly (D:6)
  6 hounds
  An orc priest (D:5)
  A gnoll bouda (D:4)
  2 sleepcaps
  Jessica (D:3)
  Terence (D:2)
  An iguana (D:5)
  3 orc wizards
  8 gnolls
  7 adders
  A white imp (D:6)
  2 ufetubi (D:6)
  2 worms
  A dart slug (D:3)
  32 orcs
  8 ball pythons
  7 bats
  4 endoplasms
  2 giant cockroaches
  8 goblins
  6 hobgoblins
  7 jackals
  6 kobolds
  7 quokkas
  4 frilled lizards
  5 rats
147 creatures vanquished.

Notes
Turn   | Place    | Note
-------+----------+-------------------------------------------
     0 | D:1      | Pimp the Deep Elf Hunter began the quest for the Orb.
     0 | D:1      | Reached XP level 1. HP: 12/12 MP: 3/3
   268 | D:1      | Identified 2 scrolls of acquirement
   268 | D:1      | Acquired 1121 gold pieces
   270 | D:1      | Acquired the +12 rapier "Globulus" {flame, rF+ Str+2
                  | Stlth+}
   362 | D:1      | Reached XP level 2. HP: 17/17 MP: 4/4
   472 | D:1      | Reached skill level 1 in Spellcasting
   820 | D:1      | Reached XP level 3. HP: 21/21 MP: 6/6
   896 | D:1      | Upgraded the game from 0.30.0-16-gbe6223bb7e to
                  | 0.30.0-17-ge0270778cf
  1157 | D:2      | Reached skill level 1 in Short Blades
  1409 | D:2      | Reached XP level 4. HP: 26/26 MP: 8/8
  1458 | D:2      | Found a stormy altar of Qazlal.
  1471 | D:2      | Noticed Terence
  1481 | D:2      | Killed Terence
  1808 | D:3      | Noticed Jessica
  1819 | D:3      | Killed Jessica
  1996 | D:3      | Reached XP level 5. HP: 30/30 MP: 10/10
  2003 | D:3      | Reached skill level 6 in Ranged Weapons
  2485 | D:4      | Found a basalt altar of Yredelemnul.
  2589 | D:4      | Found a radiant altar of Vehumet.
  2650 | D:4      | Found a blossoming altar of Fedhas.
  2669 | D:4      | Found a shadowy altar of Dithmenos.
  2929 | D:4      | Found a hazy altar of Hepliaklqana.
  3002 | D:5      | Entered Level 5 of the Dungeon
  3004 | D:5      | Found a transporter.
  3004 | D:5      | Noticed Pimp's ghost (novice TeMo)
  3004 | D:5      | Identified the +6 great mace "Zabrocita" {flame, rPois rF-
                  | Str+3}
  3004 | D:5      | Noticed an ogre
  3156 | D:5      | Noticed a phantom
  3161 | D:5      | Killed a phantom
  3162 | D:5      | Reached XP level 6. HP: 34/36 MP: 12/12
  3269 | D:5      | Found a transporter.
  3347 | D:5      | Found a staircase to the Ecumenical Temple.
  3409 | Temple   | Entered the Ecumenical Temple
  3430 | Temple   | Became a worshipper of Sif Muna the Loreminder
  3481 | D:5      | Found a hide-covered altar of Uskayaw.
  3965 | D:5      | Found an ornate altar of the Wu Jian Council.
  4177 | D:5      | Identified the +2 scimitar of Qeapla {drain, Drain rF++
                  | Str+3 Stlth+}
  4307 | D:6      | Noticed Eustachio
  4316 | D:5      | Reached XP level 7. HP: 32/41 MP: 14/14
  4416 | D:5      | Reached skill level 7 in Ranged Weapons
  4640 | D:6      | Killed Eustachio
  4641 | D:6      | Reached skill level 5 in Dodging
  4970 | D:6      | Reached skill level 5 in Spellcasting
  4970 | D:6      | Reached XP level 8. HP: 47/47 MP: 17/17
  5076 | D:6      | Reached * piety under Sif Muna
  5339 | D:6      | Noticed Edmund
  5361 | D:6      | Killed Edmund
  5792 | D:6      | Reached skill level 8 in Ranged Weapons
  6327 | D:7      | Noticed a hornet
  6333 | D:7      | Paralysed by a hornet for 2 turns
  6338 | D:7      | Slain by a hornet

Illustrated notes

Levels and vault maps discovered:
D:1:      dpeg_arrival_long_road, layout_loops_cross, hex_tiny
D:2:      minmay_evil_eye, layout_basic, basic_altar, minmay_ruptured,
          uniq_terence
D:3:      layout_loops_ring, minmay_surrounded, uniq_jessica
D:4:      layout_cave_pools, mainiacjoe_overflow_brackets,
          mainiacjoe_overflow_24_doors, mainiacjoe_overflow_catwalk, minitemple
D:5:      layout_basic, eat_drink_and_be_merry_uskayaw, kennysheep_little_box,
          minmay_temple_entry_glassed_door, gammafunk_ghost_smash, minivault_25
D:6:      old_forge, layout_loops_corners, uniq_edmund, uniq_eustachio
D:7:      minmay_angry_zag, layout_loops_ring, mainiacjoe_overflow_alcove_2,
          uniq_maggie
Temple:   jpeg_temple_clearing

Skill      XL: |  1  2  3  4  5  6  7  8 |
---------------+-------------------------+-----
Spellcasting   | 1 2 3 5 6 |  6.3
Stealth        | 2 |  2.9
Fighting       | 2 3 4 |  4.4
Short Blades   | 1 2 3 4 |  4.7
Dodging        | 3 4 5 6 |  6.3
Ranged Weapons | 6 7 8 |  8.4

Action                     |  1- 3 |  4- 6 |  7- 9 || total
---------------------------+-------+-------+-------++-------
  Melee: Rapier            |    14 |    28 |    74 ||   116
         Punch             |       |       |     1 ||     1
   Fire: Shortbow          |    89 |   126 |   101 ||   316
    Use: Scroll            |     2 |       |       ||     2
         Potion            |       |       |     5 ||     5
   Stab: Sleeping          |     2 |       |     1 ||     3
 Armour: Leather armour    |    13 |    18 |    51 ||    82
  Dodge: Dodged            |    41 |    32 |   147 ||   220
